 Dungeon Crawl Stone Soup version 0.26-a0-812-g31a745ddcd (webtiles) character file.

Game seed: 437119145545851176

238 kae the Ruffian (level 5, -4/42 HPs)
             Began as a Draconian Transmuter on Nov 24, 2020.
             Slain by a gnoll shaman
             ... wielding a +0 whip
              (14 damage)
             ... on level 4 of the Dungeon.
             The game lasted 00:02:09 (4134 turns).

kae the Ruffian (Draconian Transmuter)              Turns: 4134, Time: 00:02:10

Health: -4/42      AC:  6    Str: 13    XL:     5   Next: 78%
Magic:  8/8        EV: 12    Int: 14    God:
Gold:   183        SH:  0    Dex: 11    Spells: 5/9 levels left

rFire    . . .     SeeInvis .     - Unarmed
rCold    . . .     Faith    .   (no shield)
rNeg     . . .     Spirit   .   (armour unavailable)
rPois    .         Reflect  .   (helmet currently unavailable)
rElec    .         Harm     .   (no cloak)
rCorr    .         Rampage  .   n - +0 pair of gloves
MR       .....                  (boots currently unavailable)
Stlth    +.........             (no amulet)
HPRegen  0.14/turn              (no ring)
MPRegen  0.11/turn              (no ring)

@: appendages (expiring), glowing
A: unfitting armour, horns 2, talons 2, cold-blooded, AC +5
a: End Transformation


You were on level 4 of the Dungeon.
You had grown temporary horns.
You had grown temporary talons.
You visited 1 branch of the dungeon, and saw 4 of its levels.

You collected 183 gold pieces.

Inventory:

Armour
 n - a +0 pair of gloves (worn)
Jewellery
 j - an uncursed ring of poison resistance {unknown}
Scrolls
 d - 3 scrolls of remove curse
 g - 2 scrolls of teleportation
 p - a scroll of amnesia
Potions
 a - a potion of curing
 b - a potion of brilliance
 c - 2 potions of might {unknown}
 e - 2 potions of attraction
 f - a potion of heal wounds
 h - 4 potions of flight {unknown}
 i - 3 potions of resistance {unknown}
 k - a potion of invisibility {unknown}
 l - a potion of cancellation {unknown}
 m - 2 potions of degeneration {unknown}
 o - 2 potions of mutation {unknown}
 r - a potion of lignification {unknown}


   Skills:
 + Level 2.3 Fighting
 + Level 2.4 Dodging
 * Level 4.1 Unarmed Combat
 + Level 2.5 Spellcasting
 * Level 3.4 Transmutations
 * Level 2.1 Poison Magic


You had 5 spell levels left.
You knew the following spells:

 Your Spells              Type           Power        Failure   Level
a - Beastly Appendage     Tmut           ##....       5%          1
b - Spider Form           Tmut/Pois      #.........   22%         3

Your spell library contained the following spells:

 Spells                   Type           Power        Failure   Level
 Wereblood                Tmut           ##......     9%          2
 Ice Form                 Ice/Tmut       #.......     73%         4
 Blade Hands              Tmut           ##........   83%         5


Dungeon Overview and Level Annotations

Branches:
Dungeon (4/15)             Temple (0/1) D:4

Altars:
Ashenzari
Fedhas
Gozag
Makhleb
Qazlal


Innate Abilities, Weirdness & Mutations

Your plain brown scales are hard. (AC +5)
You cannot fit into any form of body armour.
You are cold-blooded and may be slowed by cold attacks.
You have a pair of horns on your head.
You have razor-sharp toenails.


Message History

You are too injured to fight recklessly!
You hit the hound but do no damage. Your kick misses the hound.
You headbutt the hound.
The hound is lightly wounded.
The hound bites you.
The gnoll shaman hits you with a +0 whip.
You barely miss the gnoll shaman.
You claw the gnoll shaman, but do no damage.
You headbutt the gnoll shaman.
Your tail-slap misses the gnoll shaman.
The gnoll shaman is almost dead.
The hound barely misses you.
The gnoll shaman hits you with a +0 whip.
The hound bites you.
* * * LOW HITPOINT WARNING * * *
You hit the gnoll shaman but do no damage.
Your headbutt misses the gnoll shaman.
The gnoll shaman is almost dead.
The hound barely misses you.
The gnoll shaman hits you with a +0 whip!
You die...

##..##...................(.....
#.#####...#######....≈≈≈.......
##..####### ###.≈§§§≈..#...
###.# #§§≈≈§≈§.##>. ##..##
##########≈§§>≈§≈..##. #.###
.......##.§§≈§≈≈§....( ####..##
#.......≈≈≈≈≈...... ...###.#
##..##...≈≈≈......# ...#..##
#@..#......(.....# ......#
#gh..............## ##...##
....##..##.........# #..##
#...#.##.##.##.##.... #..# ##..
# #.##.##.##..## #..# ##. .. ##
#..# ##..# .. .. #..# #..## ..
#..# #.## #..#


You could see a gnoll shaman and a hound.

Vanquished Creatures
  Jessica (D:2)
  A worker ant (D:4)
  Robin (D:2)
  4 gnolls (D:2)
  4 adders
  A shadow imp (D:3)
  An ooze (D:1)
  An adder skeleton (D:4)
  A worm (D:3)
  A dart slug (D:3)
  8 orcs
  A ball python (D:1)
  7 giant cockroaches
  10 goblins
  6 hobgoblins
  8 jackals
  8 kobolds
  A quokka (D:3)
  3 bats
  A frilled lizard (D:2)
  A leopard gecko skeleton (D:3)
  5 rats
75 creatures vanquished.

Notes
Turn   | Place    | Note
-------+----------+-------------------------------------------
     0 | D:1      | kae the Draconian Transmuter began the quest for the Orb.
     0 | D:1      | Reached XP level 1. HP: 16/16 MP: 3/3
   287 | D:1      | Reached XP level 2. HP: 16/23 MP: 3/5
   893 | D:2      | Found a stormy altar of Qazlal.
   894 | D:2      | Found a blossoming altar of Fedhas.
  1165 | D:2      | Reached XP level 3. HP: 28/28 MP: 6/6
  1170 | D:2      | Learned a level 3 spell: Spider Form
  1250 | D:2      | Found a broken altar of Ashenzari.
  1563 | D:2      | Reached XP level 4. HP: 11/36 MP: 4/7
  1956 | D:2      | Noticed Jessica
  1971 | D:2      | Killed Jessica
  1971 | D:2      | Reached skill level 1 in Poison Magic
  2117 | D:2      | Noticed Robin
  2127 | D:2      | Killed Robin
  2286 | D:2      | Found a faded altar of an unknown god.
  2744 | D:3      | Reached XP level 5. HP: 40/41 MP: 8/8
  2937 | D:3      | Found a burning altar of Makhleb.
  3006 | D:3      | Reached skill level 4 in Unarmed Combat
  3782 | D:4      | Found a staircase to the Ecumenical Temple.
  3885 | D:4      | Found an opulent altar of Gozag.
  4134 | D:4      | Slain by a gnoll shaman

Illustrated notes

Levels and vault maps discovered:
D:1:      dpeg_arrival_shelter, layout_basic
D:2:      layout_loops_corners, grunt_temple_overflow_forces_of_nature,
          ashenzari_altar_1, chequers_ecumenical_altar_simple_redux,
          uniq_jessica, uniq_robin
D:3:      layout_loops_ring, nicolae_overflow_hidden_temple
D:4:      layout_layer_cave, nicolae_gozag_seed_capital,
          minmay_temple_entry_mist, grunt_decor_resistance, minmay_bisected

Skill      XL: |  1  2  3  4  5 |
---------------+----------------+-----
Dodging        | 2 |  2.4
Fighting       | 2 |  2.3
Transmutations | 3 |  3.4
Poison Magic   | 1 2 |  2.1
Unarmed Combat | 4 |  4.1
Spellcasting   | |  2.5

Action                   |  1- 3 |  4- 6 || total
-------------------------+-------+-------++-------
Melee: Unarmed           |    99 |   160 ||   259
       Kick              |     8 |    19 ||    27
       Headbutt          |     7 |    12 ||    19
       Tailslap          |     6 |    16 ||    22
       Punch             |       |     3 ||     3
 Cast: Beastly Appendage |    15 |    25 ||    40
       Spider Form       |     1 |     3 ||     4
  Use: Scroll            |       |     9 ||     9
 Stab: Sleeping          |     1 |       ||     1
Armor: Skin              |    32 |    59 ||    91
Dodge: Dodged            |    75 |   136 ||   211

Table legend: (Time is in decaauts)
 A = Elapsed time spent in this place.
 B = Non-inter-level travel time spent in this place.
 C = Inter-level travel time spent in this place.
 D = Time resting spent in this place.
 E = Time spent auto-exploring this place.
 F = Levels seen in this place.
 G = Mean time per level.
                   A        B        C        D        E       F      G
               +--------+--------+--------+--------+--------+-----+--------+
         Total |   4119 |   3996 |    123 |    257 |   3123 |   4 | 1029.8 |
       Dungeon |   4119 |   3996 |    123 |    257 |   3123 |   4 | 1029.8 |
               +--------+--------+--------+--------+--------+-----+--------+

Top non-repeatable levels by time:
     D:2: 1639 daAuts
     D:1: 1032 daAuts
     D:3: 934 daAuts
     D:4: 512 daAuts
